 Dungeon Crawl Stone Soup version 0.29.1-15-g9cfb28693d (webtiles) character file.

Game seed: 3208345051710773818

157 Ast3rio the Trooper (level 5, -1/48 HPs)
             Began as a Minotaur Berserker on Mar 28, 2023.
             Was a Believer of Trog.
             Slain by a killer bee (2 damage)
             ... on level 4 of the Dungeon.
             The game lasted 00:03:19 (2996 turns).

Ast3rio the Trooper (Minotaur Berserker)            Turns: 2996, Time: 00:03:19

Health: -1/48      AC:  3    Str: 28    XL:     5   Next: 15%
Magic:  4/4        EV: 12    Int:  4    God:    Trog [**....]
Gold:   114        SH:  0    Dex: 10    Spells: 4/4 levels left

rFire   . . .      SeeInvis .   i - +2 short sword (vamp)
rCold   . . .      Faith    .   (no shield)
rNeg    . . .      Spirit   .   b - +0 animal skin
rPois   .          Reflect  .   (helmet restricted)
rElec   .          Harm     .   (no cloak)
rCorr   .          Rampage  .   t - +0 pair of gloves "Siobryjo" {Str+5 Slay+3}
Will    .....                   (no boots)
Stlth   +.........              (no amulet)
HPRegen 0.16/turn               (no ring)
MPRegen 0.09/turn               (no ring)

@: lethally poisoned (-1 -> -16)
A: horns 2, retaliatory headbutt
a: Renounce Religion, Berserk, Trog's Hand


You were on level 4 of the Dungeon.
You worshipped Trog.
Trog was pleased with you.
You visited 1 branch of the dungeon, and saw 4 of its levels.

You collected 114 gold pieces.

Inventory:

Hand Weapons
 a - a +0 spear
 i - a +2 vampiric short sword (weapon)
Armour
 b - a +0 animal skin (worn)
 t - the +0 pair of gloves "Siobryjo" (worn) {Str+5 Slay+3}
   (You found it on level 3 of the Dungeon)

   Str:       It affects your strength (+5).
   Slay:      It affects your accuracy & damage with ranged weapons and melee
   (+3).
Jewellery
 n - a ring of magical power
 p - a ring of protection from fire
 s - an amulet of reflection
Scrolls
 g - 2 scrolls of identify
 h - a scroll of butterflies {unknown}
 j - a scroll of enchant weapon {unknown}
 k - a scroll of magic mapping {unknown}
 l - a scroll of vulnerability {unknown}
 o - 3 scrolls of noise {unknown}
 r - a scroll of fear {unknown}
 u - a scroll of poison {unknown}
Potions
 c - a potion of curing
 d - 2 potions of lignification
 e - a potion of heal wounds {unknown}
 f - 3 potions of mutation {unknown}
 m - a potion of brilliance {unknown}
 q - 2 potions of berserk rage {unknown}


   Skills:
 * Level 5.3 Fighting
 * Level 1.8 Short Blades
 + Level 4.2 Polearms
 + Level 3.0 Armour
 + Level 3.2 Dodging
 + Level 0.3 Stealth


You had 4 spell levels left.
You didn't know any spells.
Your spell library was empty.

Dungeon Overview and Level Annotations

Branches:
Dungeon (4/15)
 Temple: D:4-7

Altars:


Innate Abilities, Weirdness & Mutations

You have a pair of horns on your head.
You reflexively headbutt those who attack you in melee.


Message History

The killer bee closely misses you. You furiously retaliate!
You headbutt the killer bee.
You kill the killer bee!
Trog accepts your kill.
Your Armour skill increases to level 3!
You have reached level 5!
You closely miss the killer bee. Your headbutt misses the killer bee.
The killer bee is moderately wounded.
The killer bee stings you but does no damage.
The killer bee barely misses you. The killer bee stings you.
The killer bee barely misses you. You furiously retaliate!
You headbutt the killer bee! The killer bee stings you!
You are poisoned.
The killer bee poisons you! The killer bee stings you.
You are more poisoned.
The killer bee poisons you!
Okay, then.
You miss the killer bee.
The killer bee is almost dead.
You feel very sick.
The killer bee stings you but does no damage.
The killer bee stings you!
* * * LOW HITPOINT WARNING * * *
The killer bee stings you.
* * * LOW HITPOINT WARNING * * *
You are more poisoned.
The killer bee poisons you! The killer bee closely misses you.
The killer bee barely misses you. The killer bee stings you.
* * * LOW HITPOINT WARNING * * *
You are more poisoned.
The killer bee poisons you!
You feel better. The killer bee stings you.
* * * LOW HITPOINT WARNING * * *
You are poisoned.
The killer bee poisons you! The killer bee stings you.
* * * LOW HITPOINT WARNING * * *
You are more poisoned.
The killer bee poisons you! The killer bee barely misses you.
The killer bee stings you.
You die...

# # #. .#
#.#####.###.#
####...........#
w.......<......#
###.##.##.##.##
#....# #@y###
#yy# #..# #..#
#..# .... #...
####.


You could see 3 killer bees.

Vanquished Creatures
  A killer bee (D:4)
  Robin (D:3)
  4 adders (D:2)
  2 worms (D:2)
  A dart slug (D:2)
  7 ball pythons
  2 bats (D:1)
  4 endoplasms
  8 goblins
  10 hobgoblins
  2 jackals (D:2)
  7 kobolds
  2 quokkas
  2 frilled lizards
  A rat (D:1)
54 creatures vanquished.

Notes
Turn   | Place    | Note
-------+----------+-------------------------------------------
     0 | D:1      | Ast3rio the Minotaur Berserker began the quest for the Orb.
     0 | D:1      | Reached XP level 1. HP: 19/19 MP: 0/0
    88 | D:1      | Reached XP level 2. HP: 17/27 MP: 1/1
   365 | D:1      | Reached skill level 4 in Fighting
   774 | D:1      | Found a faded altar of an unknown god.
  1217 | D:2      | Reached XP level 3. HP: 26/33 MP: 2/2
  1354 | D:2      | Reached ** piety under Trog
  1918 | D:2      | Reached XP level 4. HP: 36/41 MP: 3/3
  2323 | D:3      | Identified the +0 pair of gloves "Siobryjo" {Str+5 Slay+3}
  2380 | D:3      | Identified the +0 helmet "Wiuju" {Int+3}
  2380 | D:3      | Noticed Robin
  2405 | D:3      | Killed Robin
  2406 | D:3      | Reached skill level 5 in Fighting
  2707 | D:3      | Reached skill level 1 in Short Blades
  2994 | D:4      | Reached XP level 5. HP: 34/48 MP: 4/4
  2995 | D:4      | HP: 2/48 [killer bee (4)]
  2996 | D:4      | Slain by a killer bee

Illustrated notes

Levels and vault maps discovered:
D:1:      spicycebolla_arrival_transporter_tutorial, layout_basic,
          hellmonk_ecumenical_altar_leap_of_faith
D:2:      layout_loops_corners
D:3:      layout_loops_ring, uniq_robin
D:4:      layout_loops_ring, portal_sewer_entry_b, uniq_duvessa, uniq_ijyb

Skill      XL: |  1  2  3  4 |
---------------+-------------+-----
Fighting       | 4 5 |  5.3
Polearms       | 4 |  4.2
Dodging        | 3 |  3.2
Short Blades   | 1 |  1.8
Armour         | 3 |  3.0
Stealth        | |  0.3

Action                   |  1- 3 |  4- 6 || total
-------------------------+-------+-------++-------
Melee: Spear             |    10 |       ||    10
       Headbutt          |    10 |     2 ||    12
       Punch             |     2 |       ||     2
       Short sword       |    63 |    46 ||   109
Invok: Berserk           |       |     1 ||     1
  Use: Potion            |       |     2 ||     2
       Scroll            |       |     1 ||     1
 Stab: Sleeping          |     1 |       ||     1
Armor: Animal skin       |     7 |    12 ||    19
Dodge: Dodged            |    42 |    32 ||    74
